[Event "*** Titled Tuesday Blitz"]
[Site "Chess.com"]
[Date "2020.04.28"]
[Round "6"]
[White "AthanasiusLefebvre"]
[Black "Hippotaner"]
[Result "0-1"]
[WhiteElo "1956"]
[BlackElo "2247"]
[TimeControl "180+1"]
[EndTime "11:09:22 PDT"]
[Termination "Hippotaner won by checkmate"]

1. g3 g6 2. d3 Bg7 3. Bg2 c5 4. Nf3 Nc6 5. O-O e5 6. c4 d6 7.
Nc3 Nge7 8. Rb1 O-O 9. a3 Be6 10. b4 b6 11. Ng5 Rc8 12. Nxe6 fxe6 13. bxc5 bxc5 14. Ne4 Nf5 15. Rb7 Rc7 16. Rxc7 Qxc7 17. Ng5 Nd8 18. Qa4 h6 19. Ne4 d5 20. Nd2 Ne7 21. Bb2 Ndc6 22. cxd5 exd5 23. Rc1 Qd6 24. Qc2 Nd4 25. Qd1 Rb8 26. Bxd4 exd4 27. Qc2 Rc8 28. Qa2 Kh7 29. Nf3 Qe6 30. h4 c4 31. dxc4 dxc4 32. Qd2 c3 33. Qd3 Nc6 34. h5 Qf5 35. hxg6+ Qxg6 36.
Qa6 Ne5 37. Qxc8 Nxf3+ 38. Bxf3 d3 39. exd3 Qxd3 40. Qc6 Qd2 41. Be4+ Kg8 42. Rf1 Kf7 43. Qd5+ Qxd5 44. Bxd5+ Ke7 45. Bb3 Kd6 46. Bc2 Kc5 47. Re1 a5 48. Re4 Kb5 49. a4+ Kb6 50.
f4 Kc6 51. Kg2 Kd5 52. Kf3 Kd6 53. g4 Kd7 54. f5 Bf6 55. Rc4 Kd6 56. Ke4 Bg5 57.
Kd3 Bf6 58. Re4 Kd7 59. Re6 Bg7 60. Rf6 Bxf6 61. Bb3 Kd6 62. Be6 Be5 63. Kc2 Ke7 64. Bd5 Kf6 65. Bf3 Kg5 66. Kd3 Kf4 67. Bd1 Bf6 68.
Kc4 Ke3 69. Kb3 Kd2 70. Bc2 Be5 71. Be4 Ke3 72. Bc2 Kf3 73. Bd1+ Kf2 74. Kc2 Bf6 75. Kd3 Ke1 76. Kc2 Bg5 77. Bf3 Bf6 78. Be4 Ke2 79. Bc6 Ke3 80. Be8 Kf4 81. Bh5 Kg5 82. Kd3 Be5 83. Kc2 Kh4 84. Kd3 Kg3 85. Kc2 Kf4 86. Kd3 Kf3 87. Kc2 Ke4 88. Kd1 Kd3 89. f6 c2+ 90. Kc1 Bf4+ 91. Kb2 c1=Q+ 92. Kb3 Qc3+ 93. Ka2 Be5 94. Bg6+ Ke2 95. f7 Qb2# 0-1

[Event "*** Titled Tuesday Blitz"]
[Site "Chess.com"]
[Date "2020.04.28"]
[Round "6"]
[White "bakki78"]
[Black "Suleyman_Chess06"]
[Result "1-0"]
[WhiteElo "2717"]
[BlackElo "2370"]
[TimeControl "180+1"]
[EndTime "11:09:28 PDT"]
[Termination "bakki78 won by checkmate"]

1. e4 e6 2. d4 d5 3. e5 c5 4. c3 Nc6 5. Nf3 Qb6 6. a3 c4 7.
Nbd2 Na5 8. g3 Bd7 9. Bg2 Ne7 10. O-O Nc8 11. Nh4 Qc6 12. f4 g6 13. Nhf3 Nb6 14. g4 O-O-O 15. Ng5 Be8 16. f5 h6 17. Nh3 gxf5 18. gxf5 Be7 19. Nf4 Rg8 20. Kh1 Bg5 21. Bh3 Bd7 22. Rb1 Bxf4 23. Rxf4 exf5 24. Nf1 Nb3 25.
Be3 f6 26. exf6 Qxf6 27. Ng3 Rde8 28. Qf3 Qe7 29. Nxf5 Bxf5 30. Rxf5 Kb8 31. Bf4+ Ka8 32. Re5 Qf7 33. Rf1 a6 34. Rxe8+ Qxe8 35. Bg2 Rf8 36.
Qd1 Qd7 37. Bxh6 Rh8 38. Bf4 Na4 39. Qf3 Nxb2 40. Qxd5 Qxd5 41. Bxd5 Na5 42. Bc7 Nb3 43. Rb1 Na4 44. Bxc4 Nd2 45. Rb4 Nxc3 46. Bd3 Nf3 47. Rb3 Rg8 48. Bg3 Nd1 49. Be4 Nd2 50. Bxb7+ Ka7 51.
Rd3 Kxb7 52. Rxd2 Nc3 53. d5 Ne4 54. Rd3 Rxg3 55. Rxg3 Nxg3+ 56. hxg3 Kc7 57. Kg2 Kd6 58. Kf3 Kxd5 59. Kf4 a5 60. Kf5 a4 61. g4 Kc4 62.
g5 Kb3 63. g6 Kxa3 64. g7 Kb2 65. g8=Q a3 66. Qb8+ Ka1 67. Qe5+ Kb1 68. Qb5+ Ka1 69. Qe5+ Kb1 70. Qe1+ Kb2 71. Qd2+ Kb1 72. Qb4+ Ka2 73.
Ke4 Ka1 74. Qxa3+ Kb1 75. Qd3+ Kb2 76. Kd4 Kc1 77. Qe2 Kb1 78. Kc3 Ka1 79. Qb2# 1-0

[Event "*** Titled Tuesday Blitz"]
[Site "Chess.com"]
[Date "2020.04.28"]
[Round "6"]
[White "rogapa"]
[Black "Munkhzul_Turmunkh"]
[Result "1/2-1/2"]
[WhiteElo "2734"]
[BlackElo "2517"]
[TimeControl "180+1"]
[EndTime "11:09:36 PDT"]
[Termination "Game drawn - insufficient material"]

1. e4 c5 2. Nf3 d6 3. d4 cxd4 4.
Nxd4 Nf6 5. Nc3 a6 6. Bg5 e6 7. f4 Qb6 8. Qd3 Be7 9. O-O-O Nbd7 10. Qg3 Qc7 11. Bd3 b5 12. Rhe1 Bb7 13. e5 dxe5 14.
fxe5 Nd5 15. Nxd5 Bxd5 16. Bxe7 Kxe7 17. Qg5+ Kf8 18. Be4 h6 19. Qf4 Kg8 20. Bxd5 exd5 21. Qf3 Nb6 22. e6 fxe6 23. Rxe6 Rf8 24. Qd3 Nc4 25.
b3 Qf4+ 26. Kb1 Ne5 27. Qe2 Ng4 28. g3 Qg5 29. h4 Qh5 30. Re7 Nf6 31. Qe6+ Kh7 32.
Rf1 Qg6 33. Nf5 Rhg8 34. h5 Qxh5 35. Kb2 Qg6 36. Rf4 Ne4 37. Qe5 Qf6 38. g4 Qxe5+ 39. Rxe5 Ng5 40. Rxd5 g6 41. Rd7+ Kh8 42. Rd6 gxf5 43.
Rxh6+ Kg7 44. Rxa6 fxg4 45. Rxg4 Rf5 46. Ra7+ Kg6 47.
Ra6+ Kh5 48. Rb4 Re8 49. Rb6 Ree5 50. a4 bxa4 51. Rxa4 Ne4 52. Rc4 Kg5 53. Rbb4 Nd2 54. Rg4+ Kf6 55. Rb6+ Re6 56. Rxe6+ Kxe6 57. Rd4 Nf3 58.
Rd1 Ne5 59. b4 Nc4+ 60. Kb3 Nd6 61. c3 Rf3 62. Re1+ Kd7 63. Re5 Kc6 64. Rc5+ Kb6 65.
Ka4 Ne4 66. Rb5+ Kc6 67. Rh5 Nxc3+ 68. Ka5 Nd5 69. b5+ Kc5 70. Ka6 Ra3+ 71. Kb7 Rb3 72. Kc8 Rxb5 73. Kd7 Rb7+ 74. Ke6 Rb6+ 75. Ke5 Nc3 76. Kf4+ Kc4 77. Rh8 Rb5 78. Rc8+ Kd4 79.
Rd8+ Nd5+ 80. Kf3 Rb3+ 81. Ke2 Rb2+ 82. Kd1 Ra2 83. Kc1 Kc4 84. Kd1 Rh2 85. Ke1 Nf4 86. Kd1 Nd3 87. Rc8+ Nc5 88. Ke1 Kc3 89. Rxc5+ Kd4 90.
Rf5 Rg2 91. Rf2 Rxf2 92. Kxf2 1/2-1/2

[Event "*** Titled Tuesday Blitz"]
[Site "Chess.com"]
[Date "2020.04.28"]
[Round "6"]
[White "Colombiano07"]
[Black "Oligan22"]
[Result "0-1"]
[WhiteElo "2217"]
[BlackElo "2407"]
[TimeControl "180+1"]
[EndTime "11:10:01 PDT"]
[Termination "Oligan22 won on time"]

1. d4 d5 2. Nf3 a6 3. e3 Bg4 4.
Be2 Nf6 5. O-O e6 6. b3 c5 7.
Bb2 Nc6 8. Nbd2 cxd4 9. Nxd4 Bxe2 10. Qxe2 Nxd4 11. Bxd4 Be7 12. c4 O-O 13. Rfd1 Rc8 14. Rac1 Qa5 15. Rc2 dxc4 16. Nxc4 Qf5 17. Rcd2 Bb4 18.
Bxf6 Qxf6 19. Rd7 b5 20. Nd6 Rc6 21. Ne4 Qf5 22. Ng3 Qc2 23. Qf3 Rcc8 24. h4 Qxa2 25. R1d3 Qa1+ 26. Kh2 a5 27. h5 h6 28. Rb7 Qe5 29.
Rd4 Rc7 30. Rb6 Bc5 31. Rxb5 Bxd4 32. Rxe5 Bxe5 33. Kh3 Rb8 34. Qe4 Bxg3 35. Kxg3 Rc5 36. Qh4 Rg5+ 37. Kh2 Rxb3 38. Qd4 Rd5 39. Qc4 Rb8 40.
Qc7 Rbd8 41. Qb6 Rxh5+ 42. Kg3 Rhd5 43. f3 g6 44. Qa7 R5d7 45. Qxa5 Rd5 46. Qc3 Kh7 47.
e4 R5d7 48. Qf6 Kg8 49. f4 h5 50. Kh2 Rd3 51. f5 exf5 52. exf5 R3d6 53. Qg5 Re8 54.
f6 Ree6 55. Qh6 Rxf6 56. Qc1 Kg7 57. Qc8 Rfe6 58. Qc3+ Kh7 59. Qc8 Rf6 60. Qe8 Kg7 61. Qc8 Rde6 62. Qd8 Rf4 63. Qc8 Rfe4 64. Qc3+ R4e5 65.
Qc7 Kf6 66. Qd8+ Kf5 67. Qg8 Kf6 68. Qh8+ Ke7 69. Qg7 Re2 70. Qg8 Rf6 71. Qb8 Rfe6 72. Qb7+ Kf6 73. Qf3+ Kg7 74. Qc3+ R2e5 75. Qd4 Kh7 76.
Qa1 Rf5 77. Qb2 Re3 78. Qd2 Re6 79. Qd4 Rfe5 80. Qc3 Re3 81. Qc8 Re2 82. Qf8 Rf6 83. Kg3 Rff2 84. Qa8 Rxg2+ 85. Kh3 Rh2+ 86. Kg3 h4+ 87.
Kf3 Ref2+ 88. Ke3 Kg7 89. Qa1+ Kh7 90. Qa8 Re2+ 91. Kf3 Rhf2+ 92. Kg4 h3 93. Kxh3 Kg7 94. Kg3 Rf6 95. Qa1 Re3+ 96. Kg2 Re6 97. Kg3 g5 98. Kg4 Re4+ 99. Kxg5 Rf4 100. Qe5 Rf1 101. Qc3 Rg1+ 102. Kh5 Rg2 103. Kh4 Rg6 104. Qe5 Rg1 105. Kh5 Rg6 106. Kh4 Kh7 107. Qe8 Rf1 0-1

[Event "*** Titled Tuesday Blitz"]
[Site "Chess.com"]
[Date "2020.04.28"]
[Round "6"]
[White "Maybe00"]
[Black "kingmonkey2006"]
[Result "1/2-1/2"]
[WhiteElo "2766"]
[BlackElo "2600"]
[TimeControl "180+1"]
[EndTime "11:10:48 PDT"]
[Termination "Game drawn by repetition"]

1. d4 Nf6 2. c4 e6 3. Nf3 d5 4.
Nc3 dxc4 5. e4 b5 6. Nxb5 Nxe4 7. Qa4 Bd7 8. Qxc4 Nc6 9. Bd3 Bb4+ 10. Ke2 a6 11.
Bxe4 axb5 12. Qc2 Ra6 13. Bg5 Be7 14. Bxe7 Qxe7 15. Qc5 Qf6 16. Rhc1 Qf4 17. Bxc6 Rxc6 18. Qe5 Qxc1 19. Rxc1 Rxc1 20. Qg5 Rc2+ 21. Kd3 Rxf2 22. Qxg7 Rf8 23. Ne5 Bc8 24. Ng4 Rf5 25. Nf6+ Ke7 26.
Nxh7 Rd8 27. g4 Rfd5 28. Qf6+ Ke8 29. Ng5 Rxd4+ 30. Qxd4 Rxd4+ 31. Kxd4 Ke7 32. Kc5 e5 33. h3 Bd7 34. Kd5 c6+ 35. Kc5 f6 36. Ne4 f5 37.
gxf5 Bxf5 38. Nf2 Bd7 39. h4 Bf5 40. b4 Kd7 41. a3 Bh7 42. Ng4 Ke6 43. Kxc6 Bd3 44. h5 Kf5 45. Ne3+ Kf4 46. Nd5+ Kg5 47. Kd6 e4 48. Ke5 Kxh5 49. Kd4 Kg5 50. Ke3 Kf5 51.
Nf4 Bc4 52. Nh5 Ke5 53. Ng3 Bd5 54. Ne2 Bc6 55. Nc3 Kf5 56. Ne2 Ke5 57. Nd4 Bd7 58.
Nb3 Bc6 59. Nd2 Kd5 60. Nxe4 Kc4 61. Nf6 Kb3 62. Kd4 Kxa3 63. Kc5 Bf3 64. Nd7 Be2 65. Ne5 Ka4 66. Nc6 Bc4 67. Nd4 Bf1 68. Nf3 Bd3 69. Nd2 Be2 70. Ne4 Bc4 71. Nc3+ Kb3 72.
Nxb5 Bf1 73. Nd4+ Ka4 74. Nf3 Bd3 75. Nd2 Be2 76. Nc4 Bg4 77. b5 Bf3 78. b6 Kb3 79.
Ne5 Bb7 80. Nf7 Ka4 81. Nd6 Ba6 82. Nc4 Bb7 83. Ne5 Ka5 84. Nc6+ Ka6 85. Nb4+ Ka5 86. Nd3 Ka6 87. Ne5 Ba8 88. Nd7 Kb7 89. Nf6 Kb8 90. Ne8 Bb7 91. Nd6 Bf3 92. Nb5 Bh1 93. Nd4 Bg2 94. Kb5 Bf1+ 95. Kc5 Bg2 96. Nc2 Kb7 97.
Nb4 Bh1 98. Kb5 Bg2 99. Ka5 Bh1 100. Nd3 Bg2 101. Nc5+ Kb8 102. Nd7+ Kb7 103. Ne5 Bh1 104. Nf7 Bg2 105. Nd6+ Kb8 106. Kb5 Bh1 107. Kc5 Bg2 108. Nf5 Bh1 109. Kd6 Bg2 110. Nh4 Kb7 111. Kc5 Bh1 112. Ng6 Bg2 113. Ne7 Bh1 114. Nf5 Bg2 115. Nd6+ Kb8 116. Nb5 Bh1 117. Nd4 Kb7 118. Nb3 Bg2 119. Na5+ Kb8 120. Kd4 Bh1 121. Ke5 Bg2 122. Kd6 Bh1 123. Kc5 Bg2 124. Nb3 Bh1 125. Nd4 1/2-1/2

[Event "*** Titled Tuesday Blitz"]
[Site "Chess.com"]
[Date "2020.04.28"]
[Round "7"]
[White "Supernotar"]
[Black "AcsinteMatei"]
[Result "1-0"]
[WhiteElo "2618"]
[BlackElo "2301"]
[TimeControl "180+1"]
[EndTime "11:13:22 PDT"]
[Termination "Supernotar won by resignation"]

1. d4 Nf6 2. c4 e6 3. Nf3 b6 4.
g3 Bb7 5. Bg2 d5 6. cxd5 exd5 7.
O-O Nbd7 8. Nc3 Bd6 9. Nb5 Be7 10. Bf4 O-O 11. Bxc7 Qc8 12. Rc1 Ba6 13. Nd6 Bxd6 14. Bxd6 Qb7 15. Rc7 1-0

[Event "*** Titled Tuesday Blitz"]
[Site "Chess.com"]
[Date "2020.04.28"]
[Round "7"]
[White "csati17"]
[Black "archess2"]
[Result "1-0"]
[WhiteElo "2464"]
[BlackElo "2234"]
[TimeControl "180+1"]
[EndTime "11:13:31 PDT"]
[Termination "csati17 won by resignation"]

1. c4 c6 2. d4 d5 3. cxd5 cxd5 4.
Nc3 Nf6 5. Bf4 Nc6 6. e3 Bf5 7. Bb5 e6 8. Nf3 Bd6 9. Ne5 Rc8 10. O-O O-O 11. Rc1 Bxe5 12. Bxe5 Nxe5 13. dxe5 Nd7 14.
Bxd7 Qxd7 15. e4 d4 16. exf5 dxc3 17. Qxd7 1-0

[Event "*** Titled Tuesday Blitz"]
[Site "Chess.com"]
[Date "2020.04.28"]
[Round "7"]
[White "gmgamil"]
[Black "Fighter008"]
[Result "1-0"]
[WhiteElo "2697"]
[BlackElo "2522"]
[TimeControl "180+1"]
[EndTime "11:13:59 PDT"]
[Termination "gmgamil won by resignation"]

1. d4 Nf6 2. Nc3 d5 3. Bg5 Nbd7 4. f3 c5 5. e4 cxd4 6. Bxf6 Nxf6 7. Qxd4 e6 8. exd5 exd5 9. Bb5+ Bd7 10. Bxd7+ Qxd7 11. O-O-O Rd8 12. Nh3 Be7 13. Nf4 O-O 14. Nfxd5 Nxd5 15. Nxd5 Bg5+ 16. f4 Be7 17. Nf6+ Bxf6 18. Qxd7 Rxd7 19. Rxd7 1-0

[Event "*** Titled Tuesday Blitz"]
[Site "Chess.com"]
[Date "2020.04.28"]
[Round "7"]
[White "Guachiney"]
[Black "yamalchess"]
[Result "1-0"]
[WhiteElo "2828"]
[BlackElo "2586"]
[TimeControl "180+1"]
[EndTime "11:14:07 PDT"]
[Termination "Guachiney won by resignation"]

1. e4 e5 2. Nf3 Nc6 3. Bc4 Nf6 4. d3 Bc5 5. Bg5 h6 6. Bh4 Be7 7. Bg3 d6 8. a4 O-O 9. Nbd2 Be6 10. O-O Qd7 11. Re1 a5 12. c3 Nh7 13. Bb5 Rae8 14. d4 exd4 15. cxd4 d5 16. Ne5 Qc8 17. Nxc6 bxc6 18.
Bxc6 Rd8 19. exd5 Bxd5 1-0

[Event "*** Titled Tuesday Blitz"]
[Site "Chess.com"]
[Date "2020.04.28"]
[Round "7"]
[White "lifeissofun"]
[Black "HarryCun"]
[Result "0-1"]
[WhiteElo "2335"]
[BlackElo "2171"]
[TimeControl "180+1"]
[EndTime "11:14:11 PDT"]
[Termination "HarryCun won by resignation"]

1. e4 c6 2. d4 d5 3. Nc3 dxe4 4.
Nxe4 Bf5 5. Ng3 Bg6 6. h4 h6 7. h5 Bh7 8. Nf3 Nf6 9. Bd3 Bxd3 10. Qxd3 e6 11. Bd2 Nbd7 12. O-O-O Be7 13. Ne4 Nxe4 14. Qxe4 Nf6 15. Qe2 Qd5 16. c4 Qe4 17. Be3 Ng4 18. Qd3 Qxd3 19. Rxd3 Bd6 20. Kb1 b5 21. c5 Bc7 22. Bd2 Nxf2 0-1

[Event "*** Titled Tuesday Blitz"]
[Site "Chess.com"]
[Date "2020.04.28"]
[Round "7"]
[White "shav3184"]
[Black "White_Ghost"]
[Result "0-1"]
[WhiteElo "2277"]
[BlackElo "2444"]
[TimeControl "180+1"]
[EndTime "11:14:16 PDT"]
[Termination "White_Ghost won by checkmate"]

1. e4 e5 2. Nf3 Nc6 3. Bc4 Nf6 4. d3 Be7 5. O-O O-O 6. c3 d6 7. a4 Kh8 8. h3 Ng8 9. d4 f5 10. exf5 e4 11. Nfd2 d5 12. Be2 Bxf5 13. Na3 Nf6 14. Nc2 Bd6 15. Ne3 Be6 16. f3 Bf4 17. Nb3 Qd6 18. Nc5 Nh5 19. fxe4 Bh2+ 20. Kh1 Ng3+ 21. Kxh2 Nxf1+ 22. Kg1 Qh2# 0-1

[Event "*** Titled Tuesday Blitz"]
[Site "Chess.com"]
[Date "2020.04.28"]
[Round "7"]
[White "louis198"]
[Black "leoduarte"]
[Result "1-0"]
[WhiteElo "2471"]
[BlackElo "2288"]
[TimeControl "180+1"]
[EndTime "11:14:25 PDT"]
[Termination "louis198 won by resignation"]

1. d4 Nf6 2. Bf4 c5 3. e3 b6 4. c4 e6 5. Nf3 Bb7 6. d5 exd5 7. Nc3 dxc4 8. Nb5 Na6 9. Bxc4 d5 10. Qa4 Qd7 11. Ne5 dxc4 12. Nxd7 Nxd7 13. Rd1 Bc6 14.
Qxa6 1-0

[Event "*** Titled Tuesday Blitz"]
[Site "Chess.com"]
[Date "2020.04.28"]
[Round "7"]
[White "SHIVACalypso"]
[Black "Pittiplatsh"]
[Result "0-1"]
[WhiteElo "2275"]
[BlackElo "2442"]
[TimeControl "180+1"]
[EndTime "11:14:31 PDT"]
[Termination "Pittiplatsh won by resignation"]

1. Nf3 Nf6 2. c4 g6 3. g3 Bg7 4. Bg2 O-O 5. O-O d5 6. d4 dxc4 7. Na3 Nc6 8. Nxc4 Be6 9. Nce5 Bd5 10. Nxc6 Bxc6 11. b3 a5 12. a4 Nd5 13. Bb2 Nb4 14. Ne5 Bxg2 15. Kxg2 Qd5+ 16. f3 Bxe5 17. dxe5 Rfd8 18.
Qxd5 Rxd5 19. Rad1 Rad8 20. Rxd5 Rxd5 21. Ba3 Nc2 22.
Bxe7 Ne3+ 0-1

[Event "*** Titled Tuesday Blitz"]
[Site "Chess.com"]
[Date "2020.04.28"]
[Round "7"]
[White "politeplayer"]
[Black "AsaHoffmann"]
[Result "1-0"]
[WhiteElo "2206"]
[BlackElo "2293"]
[TimeControl "180+1"]
[EndTime "11:14:41 PDT"]
[Termination "politeplayer won by resignation"]

1. e4 d6 2. d4 Nf6 3. Nc3 c6 4. f4 Qa5 5. Nf3 Nxe4 6. Bd3 Nxc3 7. bxc3 Bg4 8. Rb1 Qc7 9. O-O e6 10. h3 Bxf3 11. Qxf3 g6 12. f5 gxf5 13. Bxf5 exf5 14. Bg5 Bg7 15. Rfe1+ Kf8 16. Re7 Nd7 17. Qxf5 f6 18.
Qe6 1-0

[Event "*** Titled Tuesday Blitz"]
[Site "Chess.com"]
[Date "2020.04.28"]
[Round "7"]
[White "troisi"]
[Black "Bacyanide"]
[Result "0-1"]
[WhiteElo "2164"]
[BlackElo "2401"]
[TimeControl "180+1"]
[EndTime "11:14:45 PDT"]
[Termination "Bacyanide won by resignation"]

1. e4 c6 2. d4 d5 3. Bd3 dxe4 4. Bxe4 Nf6 5. Bf3 Bf5 6. Ne2 e6 7. Nbc3 Nbd7 8. Bg5 Be7 9. Qd2 O-O 10. Ng3 Bg6 11.
h4 h6 12. h5 Bh7 13. Bh4 a5 14. a3 Rc8 15. Qe2 b5 16. O-O Nb6 17. Rfd1 Nbd5 18.
Nxd5 cxd5 19. c3 b4 20. axb4 axb4 21. cxb4 Bxb4 22. Rdc1 Be7 23. Ra7 Rxc1+ 0-1

[Event "*** Titled Tuesday Blitz"]
[Site "Chess.com"]
[Date "2020.04.28"]
[Round "7"]
[White "mariofs"]
[Black "ShieldingOff"]
[Result "1-0"]
[WhiteElo "2208"]
[BlackElo "2010"]
[TimeControl "180+1"]
[EndTime "11:14:46 PDT"]
[Termination "mariofs won by resignation"]

1. d4 c5 2. c3 Nf6 3. Nf3 e6 4. Bf4 d5 5. e3 Be7 6. h3 O-O 7. Nbd2 Qb6 8. Qb3 Nc6 9. Bd3 Qd8 10. Qd1 a6 11. O-O b5 12. Ne5 Bd7 13. Ndf3 c4 14. Bc2 b4 15. Re1 bxc3 16. bxc3 Qa5 17. Qd2 Rfb8 18. Nxc6 Bxc6 19. Bxb8 Rxb8 20. Ne5 Be8 21.
Reb1 Rxb1+ 22. Rxb1 Qxa2 23. Bxh7+ 1-0

[Event "*** Titled Tuesday Blitz"]
[Site "Chess.com"]
[Date "2020.04.28"]
[Round "7"]
[White "emperor87"]
[Black "Gubajdullin"]
[Result "0-1"]
[WhiteElo "2595"]
[BlackElo "2498"]
[TimeControl "180+1"]
[EndTime "11:14:51 PDT"]
[Termination "Gubajdullin won by resignation"]

1. Nf3 d5 2. g3 c6 3. Bg2 Nf6 4. O-O Bf5 5. d4 e6 6. Nbd2 h6 7. c4 Nbd7 8. b3 a5 9. a3 Bd6 10. Bb2 O-O 11. Ne5 Qe7 12. h3 Bh7 13. f4 Rfc8 14.
c5 Bb8 15. Qe1 b6 16. b4 b5 17. e4 Nxe4 18. Nxe4 Bxe4 19. Bxe4 dxe4 20. Qxe4 Nxe5 21.
dxe5 axb4 22. axb4 Rxa1 23. Rxa1 Qd7 24. Kf2 Qd2+ 25.
Qe2 Qxb4 26. Ba3 Qd4+ 27. Qe3 Qxa1 0-1

[Event "*** Titled Tuesday Blitz"]
[Site "Chess.com"]
[Date "2020.04.28"]
[Round "7"]
[White "harvsp123"]
[Black "Chuchofrio1"]
[Result "1-0"]
[WhiteElo "2532"]
[BlackElo "2247"]
[TimeControl "180+1"]
[EndTime "11:14:53 PDT"]
[Termination "harvsp123 won by resignation"]

1. e4 e5 2. Nf3 Nc6 3. Bb5 a6 4. Ba4 Nf6 5. O-O Be7 6. Re1 b5 7. Bb3 O-O 8. h3 d6 9. c3 Be6 10. Bxe6 fxe6 11. d4 exd4 12. cxd4 d5 13. exd5 exd5 14.
Nc3 Nxd4 15. Nxd4 Qd7 16. Qe2 Bc5 17. Qe6+ 1-0

[Event "*** Titled Tuesday Blitz"]
[Site "Chess.com"]
[Date "2020.04.28"]
[Round "7"]
[White "calin_dragomirescu"]
[Black "Kingsman132"]
[Result "1-0"]
[WhiteElo "2244"]
[BlackElo "2385"]
[TimeControl "180+1"]
[EndTime "11:14:54 PDT"]
[Termination "calin_dragomirescu won by resignation"]

1. Nf3 d5 2. c4 c6 3. d4 Nf6 4. e3 e6 5. b3 Bb4+ 6. Nbd2 Ne4 7.
Bd3 Nf6 8. O-O O-O 9. Ne5 c5 10. a3 Bc3 11. Rb1 cxd4 12. exd4 Bxd4 13. Ndf3 Bc5 14.
Bb2 Nc6 15. Ng5 dxc4 16. bxc4 Bd4 17. Nxc6 bxc6 18. Bxd4 h6 19. Bxf6 1-0

[Event "*** Titled Tuesday Blitz"]
[Site "Chess.com"]
[Date "2020.04.28"]
[Round "7"]
[White "ViktoriyaTarasova"]
[Black "Andro2"]
[Result "0-1"]
[WhiteElo "2272"]
[BlackElo "2436"]
[TimeControl "180+1"]
[EndTime "11:15:02 PDT"]
[Termination "Andro2 won by resignation"]

1. d4 Nf6 2. c4 c5 3. d5 e5 4. Nc3 d6 5. e4 Nbd7 6. g3 a6 7. a4 Be7 8. Bg2 Nf8 9. Nf3 h5 10. h3 Ng6 11. Bg5 Rb8 12. a5 Nh7 13. Bxe7 Qxe7 14.
Na4 h4 15. Qe2 Ng5 16. Nxg5 Qxg5 17. Qf3 O-O 18. g4 Nf4 19. O-O g6 20. Nb6 Kh7 21. Nxc8 Rbxc8 22. Rfb1 f5 23. exf5 gxf5 24. gxf5 Rg8 0-1

[Event "*** Titled Tuesday Blitz"]
[Site "Chess.com"]
[Date "2020.04.28"]
[Round "7"]
[White "MFguimaraes"]
[Black "zivicd"]
[Result "1-0"]
[WhiteElo "2409"]
[BlackElo "2219"]
[TimeControl "180+1"]
[EndTime "11:15:03 PDT"]
[Termination "MFguimaraes won by resignation"]

1. e4 c5 2. Nf3 e6 3. g3 a6 4.
Bg2 b5 5. O-O Bb7 6. Re1 d6 7. a4 Qc7 8. axb5 axb5 9. Rxa8 Bxa8 10. Na3 b4 11. Nc4 Nc6 12. d4 cxd4 13. Nxd4 Nf6 14. e5 Nxd4 15. Nxd6+ Bxd6 16. exd6 Qa7 17. Bxa8 Qxa8 18. Qxd4 Qa7 19. Qxa7 1-0

[Event "*** Titled Tuesday Blitz"]
[Site "Chess.com"]
[Date "2020.04.28"]
[Round "7"]
[White "Winehouse83"]
[Black "Ekka83"]
[Result "1-0"]
[WhiteElo "2523"]
[BlackElo "2382"]
[TimeControl "180+1"]
[EndTime "11:15:05 PDT"]
[Termination "Winehouse83 won by resignation"]

1. d4 Nf6 2. c4 g6 3. Nc3 Bg7 4. e4 O-O 5. f4 d6 6. Nf3 Bg4 7. Be2 Bxf3 8. Bxf3 e5 9. fxe5 dxe5 10. d5 Nbd7 11. Be3 c6 12. O-O Rc8 13. Qe2 cxd5 14. cxd5 a6 15. Rac1 b5 16. Nb1 Qa5 17. a3 Qa4 18. Qd3 Rc4 19. b3 Rxc1 20. bxa4 Rxf1+ 21. Kxf1 1-0

[Event "*** Titled Tuesday Blitz"]
[Site "Chess.com"]
[Date "2020.04.28"]
[Round "7"]
[White "MaxVavulin"]
[Black "Justinz"]
[Result "1-0"]
[WhiteElo "2609"]
[BlackElo "2262"]
[TimeControl "180+1"]
[EndTime "11:15:07 PDT"]
[Termination "MaxVavulin won by resignation"]

1. e4 c5 2. Nf3 d6 3. d4 cxd4 4. Nxd4 Nf6 5. Nc3 a6 6. Qf3 e6 7. g4 Qc7 8. g5 Nfd7 9. h4 Be7 10. h5 Nc6 11. Nxc6 bxc6 12. g6 Ne5 13. Qg2 fxg6 14. hxg6 h6 15. f4 Nd7 16. Bc4 Nf6 17. Bb3 Rb8 18.
Be3 c5 19. O-O-O Bd7 20. e5 dxe5 21. fxe5 Qxe5 22. Rhe1 O-O 23. Bxh6 Qf5 24. Rxd7 1-0

[Event "*** Titled Tuesday Blitz"]
[Site "Chess.com"]
[Date "2020.04.28"]
[Round "7"]
[White "Semen16"]
[Black "Anaj14"]
[Result "0-1"]
[WhiteElo "2333"]
[BlackElo "2196"]
[TimeControl "180+1"]
[EndTime "11:15:10 PDT"]
[Termination "Anaj14 won by checkmate"]

1. e4 c5 2. c3 d5 3. exd5 Qxd5 4. d4 Nf6 5. Nf3 e6 6. Na3 Be7 7. Nb5 Qd8 8. Bf4 Nd5 9. Bg3 a6 10. Na3 O-O 11. Nc2 cxd4 12. Ncxd4 b5 13. Bxb8 Rxb8 14.
Nc6 Qc7 15. Nxb8 Qxb8 16. Bd3 Nf4 17. Bf1 Bb7 18. Qd4 Rd8 19. Qe3 Qd6 20. Be2 Nxg2+ 21.
Kf1 Nxe3+ 22. fxe3 Bxf3 23. Bxf3 Qe5 24. Ke2 Bc5 25.
Kf2 Rd2+ 26. Kf1 Qxe3 27. Be2 Qxe2# 0-1

[Event "*** Titled Tuesday Blitz"]
[Site "Chess.com"]
[Date "2020.04.28"]
[Round "7"]
[White "talaicito"]
[Black "WinstonSilvakov"]
[Result "1-0"]
[WhiteElo "2273"]
[BlackElo "2106"]
[TimeControl "180+1"]
[EndTime "11:15:10 PDT"]
[Termination "talaicito won by resignation"]

1. d4 Nf6 2. Nc3 g6 3. e4 d6 4. Bf4 Bg7 5. Qd2 a6 6. O-O-O b5 7. f3 Nbd7 8. Kb1 O-O 9. Bh6 Re8 10. Bxg7 Kxg7 11.
e5 Ng8 12. h4 Bb7 13. h5 dxe5 14. dxe5 Qc8 15. Qxd7 1-0

[Event "*** Titled Tuesday Blitz"]
[Site "Chess.com"]
[Date "2020.04.28"]
[Round "7"]
[White "adiosabu"]
[Black "Xeniya2005"]
[Result "1-0"]
[WhiteElo "2403"]
[BlackElo "2252"]
[TimeControl "180+1"]
[EndTime "11:15:13 PDT"]
[Termination "adiosabu won by resignation"]

1. b3 d5 2. Bb2 Bg4 3. h3 Bh5 4.
g4 Bg6 5. Bg2 c6 6. f4 f5 7. Nf3 fxg4 8. hxg4 Nd7 9. f5 Bf7 10.
Ng5 h6 11. e4 dxe4 12. Nc3 Bd5 13. Nxd5 cxd5 14. Ne6 Qb8 15. g5 Qg3+ 16. Kf1 Ne5 17.
Rh3 Qg4 18. Qxg4 Nxg4 19. Nc7+ Kd7 20. Nxa8 e6 21. fxe6+ Kxe6 22. Nc7+ 1-0

[Event "*** Titled Tuesday Blitz"]
[Site "Chess.com"]
[Date "2020.04.28"]
[Round "7"]
[White "Triumphmate"]
[Black "onnoelgersma"]
[Result "0-1"]
[WhiteElo "2494"]
[BlackElo "2301"]
[TimeControl "180+1"]
[EndTime "11:15:14 PDT"]
[Termination "onnoelgersma won by resignation"]

1. e4 c5 2. Nf3 e6 3. d4 cxd4 4. Nxd4 Nc6 5. Nc3 Nf6 6. f4 Bb4 7. Nxc6 bxc6 8. Bd3 d5 9. exd5 cxd5 10. O-O O-O 11. Kh1 Bb7 12. Qe1 d4 13. a3 Ba5 14.
b4 dxc3 15. bxa5 Qxa5 16. f5 Qd5 17. Qg3 exf5 18. Bg5 Ne4 19. Bxe4 Qxe4 20. Bf6 Qg4 21. Qxg4 fxg4 22. Bxc3 Rac8 23. Rab1 Ba8 24. Bb4 Rfe8 25.
Rbc1 Re2 26. Rg1 Rcxc2 27. Rcd1 Re8 28. Rd7 h5 29. Rxa7 h4 30. h3 gxh3 31. Rxa8 Rxa8 32. gxh3 Re8 0-1

[Event "*** Titled Tuesday Blitz"]
[Site "Chess.com"]
[Date "2020.04.28"]
[Round "7"]
[White "Natalya_Buksa"]
[Black "dcann0n88"]
[Result "1-0"]
[WhiteElo "2520"]
[BlackElo "2392"]
[TimeControl "180+1"]
[EndTime "11:15:26 PDT"]
[Termination "Natalya_Buksa won by resignation"]

1. d4 Nf6 2. Nc3 g6 3. e4 d6 4.
f4 Bg7 5. Nf3 O-O 6. Bd3 Na6 7.
O-O c5 8. d5 e6 9. Qe1 Nb4 10.
dxe6 Bxe6 11. a3 Nxd3 12. cxd3 d5 13. Qh4 dxe4 14. dxe4 Bc4 15. Rd1 Qc7 16. e5 Nd7 17. Ng5 h6 18. Nge4 Rad8 19. Be3 Be6 20. Rf1 Nb6 21.
Nf6+ Bxf6 22. exf6 Kh7 23. f5 1-0